 Dungeon Crawl Stone Soup version 0.26-a0-264-g3a471323bd (console) character file.

Game seed: 8756690136550103135

388 Kagalorn the Skirmisher (level 6, -1/58 HPs)
             Began as a Hill Orc Gladiator on July 11, 2020.
             Slain by an orc
             ... wielding a +1 vorpal hand axe
              (7 damage)
             ... on level 4 of the Dungeon.
             The game lasted 00:05:38 (2930 turns).

Kagalorn the Skirmisher (Hill Orc Gladiator)        Turns: 2930, Time: 00:05:38

Health: -1/58      AC:  4    Str: 17    XL:     6   Next: 79%
Magic:  6/6        EV: 12    Int: 10    God:
Gold:   155        SH:  0    Dex: 12    Spells: 5/5 levels left

rFire    . . .     SeeInvis .   p - +2 dagger (elec)
rCold    . . .     Faith    .   (no shield)
rNeg     . . .     Spirit   .   b - +0 leather armour
rPois    .         Reflect  .   c - +0 helmet
rElec    .         Harm     .   (no cloak)
rCorr    .                      (no gloves)
MR       .....                  (no boots)
Stlth    +.........             (no amulet)
HPRegen  0.19/turn              (no ring)
MPRegen  0.10/turn              (no ring)

@: lethally poisoned (-1 -> -9)
A: no striking features
a: no special abilities


You were on level 4 of the Dungeon.
You were not hungry.

You visited 1 branch of the dungeon, and saw 4 of its levels.

You collected 155 gold pieces.

Inventory:

Hand Weapons
 a - a +0 trident
 n - a +0 rapier
 p - a +2 dagger of electrocution (weapon)
Missiles
 d - 3 throwing nets (quivered)
 g - 57 stones
Armour
 b - a +0 leather armour (worn)
 c - a +0 helmet (worn)
Scrolls
 j - 2 scrolls of identify {unknown}
 l - a scroll of immolation {unknown}
 m - a scroll of teleportation {unknown}
Potions
 e - a potion of berserk rage
 h - 2 potions of lignification
 i - a potion of heal wounds {unknown}
 k - a potion of curing {unknown}
 o - a potion of haste {unknown}
Comestibles
 f - 8 rations


   Skills:
 + Level 6.4 Fighting
 - Level 6.0 Polearms
 - Level 1.7 Throwing
 - Level 2.4 Dodging


You had 5 spell levels left.
You didn't know any spells.
Your spell library was empty.

Dungeon Overview and Level Annotations

Branches:
Dungeon (4/15)
 Temple: D:4-7

Altars:
Trog
The Shining One

Annotations:
D:2 1 runed translucent door, Crazy Yiuf


Message History

You feel sick.
The worker ant bites you but does no damage.
The orc hits you with a +1 vorpal hand axe.
* * * LOW HITPOINT WARNING * * *
x2 You hit the worker ant.
You kill the worker ant!
* * * LOW HITPOINT WARNING * * *
You feel sick. The orc hits you but does no damage.
Okay, then.
You closely miss the orc.
* * * LOW HITPOINT WARNING * * *
You feel sick. The orc barely misses you.
You hit the orc but do no damage.
* * * LOW HITPOINT WARNING * * *
You feel sick. The orc closely misses you.
You completely miss the orc.
* * * LOW HITPOINT WARNING * * *
You feel sick.
The orc hits you with a +1 vorpal hand axe!
You die...

......#....#.....#..... #.....
#######....####..#.....#####.....
..........#†.#............#+#
...........#).#.........@..#..
............').#............#..
............####.......5....###
###########..>.........######.#
.........#).†.........# #...
........÷)[.o@........# #...
.#########)...........#####'##
.##.#####'###+#............
..............#............
..............#............
###.####..##+###+##........
######..##..##..###'#####
#............#...'.......
#............'...#.......


You could see an orc.

Vanquished Creatures
  Eustachio (D:4)
  A howler monkey (D:4)
  3 orc wizards (D:4)
  2 worker ants (D:4)
  An adder (D:2)
  An ufetubus (D:3)
  3 worms
  A dart slug (D:2)
  A leopard gecko (D:2)
  5 orcs (D:4)
  2 ball pythons
  4 bats (D:2)
  8 goblins
  4 hobgoblins (D:2)
  4 jackals (D:3)
  A quokka (D:4)
  3 frilled lizards
  8 kobolds
  6 rats
59 creatures vanquished.

Notes
Turn   | Place    | Note
-------+----------+-------------------------------------------
     0 | D:1      | Kagalorn the Hill Orc Gladiator began the quest for the
                  | Orb.
     0 | D:1      | Reached XP level 1. HP: 18/18 MP: 1/1
    99 | D:2      | Reached XP level 2. HP: 15/26 MP: 2/2
   512 | D:2      | Reached XP level 3. HP: 31/31 MP: 3/3
   534 | D:2      | Found a glowing golden altar of the Shining One.
  1194 | D:2      | Found a runed translucent door.
  1195 | D:2      | Noticed Crazy Yiuf
  1531 | D:3      | Found a faded altar of an unknown god.
  1637 | D:3      | Reached XP level 4. HP: 35/40 MP: 4/4
  1863 | D:3      | Found a bloodstained altar of Trog.
  2048 | D:4      | Noticed Eustachio
  2103 | D:4      | Killed Eustachio
  2103 | D:4      | Reached skill level 5 in Fighting
  2103 | D:4      | Reached skill level 5 in Polearms
  2103 | D:4      | Reached XP level 5. HP: 27/48 MP: 5/5
  2261 | D:4      | Reached XP level 6. HP: 27/56 MP: 6/6
  2930 | D:4      | Slain by an orc

Illustrated notes

Levels and vault maps discovered:
D:1:      nagdon_arrival_double_spiral, layout_basic, bh_walls_and_bars
D:2:      layout_loops_cross, tso_metal_star, minmay_tetromino_t4,
          uniq_crazy_yiuf_cottage
D:3:      layout_rooms, bloody_trog, first_ration,
          chequers_ecumenical_altar_island
D:4:      layout_gridville, uniq_eustachio

Skill      XL: |  1  2  3  4  5  6 |
---------------+-------------------+-----
Fighting       | 3 5 6 |  6.4
Polearms       | 4 5 6 |  6.0
Throwing       | |  1.7
Dodging        | |  2.4

Action                   |  1- 3 |  4- 6 || total
-------------------------+-------+-------++-------
Melee: Trident           |   153 |   123 ||   276
       Dagger            |       |    12 ||    12
  Use: Potion            |       |     2 ||     2
 Stab: Distracted        |       |     1 ||     1
  Eat: Ration            |     1 |     1 ||     2
Armor: Leather armour    |    36 |    21 ||    57
       Skin              |       |    25 ||    25
Dodge: Dodged            |    86 |    65 ||   151

Table legend:
 A = Non-vault XP
 B = Vault XP
 C = Vault XP percentage of total XP
 D = Non-vault monster count
 E = Vault monster count
 F = Vault count percentage of total count
                 A         B        C        D         E       F
            +---------+---------+-------+---------+---------+-------
      Total |     348 |     207 |  37.3 |      55 |       4 |   6.8
            +---------+---------+-------+---------+---------+-------
        D:2 |      59 |      10 |  14.5 |      28 |       3 |   9.7
        D:3 |      29 |       0 |   0.0 |      13 |       0 |   0.0
        D:4 |     260 |     197 |  43.1 |      14 |       1 |   6.7
            +---------+---------+-------+---------+---------+-------
